 Dungeon Crawl Stone Soup version 0.25-a0-404-gc1b5a34 (webtiles) character file.

Game seed: 3142000577702326160, levelgen mode: deterministic

17187 JeffiDaFish the Fighter (level 12, -38/73 HPs)
             Began as a Gargoyle Fighter on Jan 11, 2020.
             Was the Champion of Okawaru.
             Killed from afar by a lindwurm (57 damage)
             ... with a blast of flame
             ... on level 1 of the Lair of Beasts.
             The game lasted 00:22:19 (11886 turns).

JeffiDaFish the Fighter (Gargoyle Fighter)         Turns: 11886, Time: 00:22:20

Health: -38/73     AC: 32    Str: 27    XL:     12   Next: 45%
Magic:  10/10      EV:  8    Int:  9    God:    Okawaru [******]
Gold:   457        SH: 17    Dex: 15    Spells: 11/11 levels left

rFire    x . .     SeeInvis .   v - +9 flail of Sunlight {holy, +Rage}
rCold    + + .     Gourm    .   c - +0 shield
rNeg     + . .     Faith    .   y - +0 ice dragon scales
rPois    ∞         Spirit   .   A - +2 helmet
rElec    +         Reflect  +   I - +2 cloak "Ocsarch" {+Fly}
rCorr    .         Harm     .   m - +1 pair of gloves
MR       .....                  i - +0 pair of boots
Stlth    ..........             D - +4 amulet of reflection
HPRegen  0.22/turn              r - +4 ring of dexterity
MPRegen  0.12/turn              p - +2 ring of strength

@: very slow
A: talons 1, thin skeletal structure 1, frail 1, low mp 1, negative energy
resistance 1, electricity resistance, unbreathing, petrification resistance, rot
immunity, AC +8
a: Heroism, Finesse, Renounce Religion, Evoke Berserk Rage, Evoke Flight


You were on level 1 of the Lair of Beasts.
You worshipped Okawaru.
Okawaru was exalted by your worship.
You were not hungry.

You visited 3 branches of the dungeon, and saw 12 of its levels.

You collected 807 gold pieces.
You spent 350 gold pieces at shops.

Inventory:

Hand Weapons
 v - the +9 flail of Sunlight (weapon) {holy, +Rage}
   (You bought it in a shop on level 7 of the Dungeon)

   It has been blessed by the Shining One to cause great damage to the undead
   and demons.
   It lets you go berserk.
Armour
 c - a +0 shield (worn)
 i - a +0 pair of boots (worn)
 m - a +1 pair of gloves (worn)
 y - +0 ice dragon scales (worn)
 A - a +2 helmet (worn)
 I - the +2 cloak "Ocsarch" (worn) {+Fly}
   (Okawaru gifted it to you on level 10 of the Dungeon)

   It lets you fly.
Jewellery
 p - a +2 ring of strength (right hand)
 r - a +4 ring of dexterity (left hand)
 s - an uncursed ring of resist corrosion
 B - an uncursed amulet of magic regeneration {unknown}
 D - a +4 amulet of reflection (around neck)
 E - an uncursed ring of see invisible
 G - an uncursed ring of protection from fire
 J - an uncursed ring of fire {unknown}
Wands
 k - a wand of disintegration (8)
 o - a wand of digging (9)
 z - a wand of acid (17)
 F - a wand of iceblast (8)
Scrolls
 b - 3 scrolls of enchant weapon
 e - 6 scrolls of identify
 g - 3 scrolls of fog
 j - a scroll of magic mapping
 q - a scroll of blinking
 t - 7 scrolls of teleportation
 H - a scroll of vulnerability {unknown}
Potions
 d - 8 potions of might
 h - 2 potions of curing {unknown}
 l - 2 potions of invisibility
 n - 3 potions of heal wounds
 u - 2 potions of agility
 w - 2 potions of cancellation
 x - a potion of magic
 C - 2 potions of flight (quivered)
Comestibles
 f - 38 rations


   Skills:
 * Level 12.8 Fighting
 * Level 11.7 Maces & Flails
 + Level 9.6 Armour
 + Level 9.7 Shields


You had 11 spell levels left.
You didn't know any spells.
Your spell library contained the following spells:

 Spells                   Type           Power        Failure   Level  Hunger
 Magic Dart               Conj           #...         88%         1    ##.....
 Sandblast                Erth           #.....       88%         1    ##.....
 Blink                    Tloc           N/A          95%         2    ###....
 Call Imp                 Summ           #.......     95%         2    ###....
 Passwall                 Tmut/Erth      #.......     95%         2    ###....
 Slow                     Hex            #.......     95%         2    ###....
 Conjure Flame            Conj/Fire      #.......     99%         3    ####...
 Mephitic Cloud           Conj/Pois/Air  #.......     99%         3    ####...
 Stone Arrow              Conj/Erth      #.....       99%         3    ####...
 Petrify                  Tmut/Erth      #.......     100%        4    #####..
 Lee's Rapid Deconstruct  Erth           #.........   100%        5    ######.


Dungeon Overview and Level Annotations

Branches:
Dungeon (10/15)            Temple (1/1) D:4            Lair (1/6) D:9
    Orc (0/2) D:10

Altars:
Cheibriados
Elyvilon
Fedhas
Okawaru
Ru
Trog
Uskayaw
Xom
Yredelemnul
The Shining One

Shops:
D:5 [   D:7 :[(

Annotations:
D:3 2 transporters, Cidram's ghost, amateur DsCK


Innate Abilities, Weirdness & Mutations

You are resistant to torment.
Your stone body is resilient. (AC +8)
You are immune to poison.
You resist negative energy. (rN+)
You are resistant to electric shocks. (rElec)
You can survive without breathing.
You are immune to petrification.
You are immune to rotting.
You have sharp toenails.
You have a somewhat thin skeletal structure. (Dex +2, Stealth)
You are frail. (-10% HP)
Your magical capacity is low. (-10% MP)


Message History

The lindwurm bites you.
The lindwurm claws you but does no damage.
The lindwurm barely misses you.
Your unstable footing causes you to fumble your attack.
You block the lindwurm's attack.
The lindwurm claws you but does no damage.
You block the lindwurm's attack.
Your unstable footing causes you to fumble your attack.
The lindwurm bites you!
* * * LOW HITPOINT WARNING * * *
You block the lindwurm's attack. The lindwurm barely misses you.
Your unstable footing causes you to fumble your attack.
You block the lindwurm's attack. x2
The lindwurm claws you but does no damage.
You barely miss the lindwurm.
The lindwurm is lightly wounded.
The lindwurm breathes flames at you. The blast of flame hits you!!!
The fire burns you terribly!
Ouch! That really hurt!
You die...

.≈≈≈≈≈≈≈≈.≈♣♣≈≈≈♣
≈≈#
..≈≈≈≈....♣♣♣P≈♣♣
≈#
.........P♣♣♣≈≈≈♣
#
.........♣♣♣≈≈≈≈#
.P.....P.♣ ♣≈≈≈≈♣
# # ♣♣.....♣♣♣
♣♣≈≈P♣ ≈#.#
♣♣.....♣ ♣≈≈≈♣#
≈≈≈≈# ♣♣♣♣.♣♣♣
♣P≈≈[#≈≈≈≈≈#
♣♣♣♣♣♣
♣♣♣♣♣♣≈≈@kl≈≈≈≈#
♣.♣♣♣
♣♣♣..♣♣♣♣♣♣#######
..♣.♣♣♣....♣.♣♣♣♣♣
...........[.♣...♣
.................#
...........>.÷...#
.................#
...>..#.#######..#
####..##########.#


You could see a lindwurm and a wyvern.

Vanquished Creatures
  2 hydras (Lair:1)
  Harold (D:7)
  2 two-headed ogres
  Sonja (Lair:1)
  An unseen horror (D:10)
  An ice statue (D:8)
  2 elephants (Lair:1)
  A black mamba (Lair:1)
  2 spiny frogs (Lair:1)
  A rime drake (Lair:1)
  A komodo dragon (shapeshifter) (D:10)
  8 ice devils (D:8)
  A troll (D:10)
  A queen bee (D:10)
  A hippogriff (Lair:1)
  A spriggan (D:9)
  6 yaks
  A hungry ghost (D:8)
  Menkaure (D:3)
  A soldier ant (D:10)
  A water moccasin (Lair:1)
  8 porcupines
  Duvessa (D:5)
  3 ice beasts
  2 sky beasts
  7 orc warriors
  5 black bears
  A phantom (D:10)
  A necrophage (D:7)
  8 ogres
  3 centaurs
  3 crocodiles (Lair:1)
  5 bullfrogs
  2 big kobolds (D:10)
  3 gnoll sergeants (D:10)
  Dowan (D:5)
  A scorpion (D:4)
  23 killer bees (D:10)
  3 wights (D:9)
  A howler monkey (D:7)
  5 crimson imps
  A bullfrog zombie (D:10)
  6 orc priests
  2 hounds
  2 jellies
  A centaur skeleton (D:4)
  An iguana (D:7)
  4 worker ants
  4 orc wizards
  A hound zombie (D:10)
  A howler monkey zombie (D:10)
  Robin (D:3)
  10 gnolls
  14 adders
  2 shadow imps
  4 ufetubi (D:8)
  An adder skeleton (D:5)
  4 worms
  2 dart slugs (D:2)
  4 leopard geckos
  29 orcs
  A ball python (D:3)
  2 giant cockroaches
  16 goblins
  13 hobgoblins
  4 jackals (D:5)
  3 quokkas
  6 bats
  3 frilled lizards
  11 kobolds
  A leopard gecko skeleton (D:7)
  A leopard gecko zombie (D:6)
  4 rats (D:1)
282 creatures vanquished.

Vanquished Creatures (others)
  An orc (D:9)
  A fungus (Lair:1)
  A plant (Lair:1)
  13 toadstools
16 creatures vanquished.

Grand Total: 298 creatures vanquished

Notes
Turn   | Place    | Note
-------+----------+-------------------------------------------
     0 | D:1      | JeffiDaFish the Gargoyle Fighter began the quest for the
                  | Orb.
     0 | D:1      | Reached XP level 1. HP: 14/14 MP: 1/1
   169 | D:1      | Reached XP level 2. HP: 19/19 MP: 2/2
   744 | D:2      | Reached XP level 3. HP: 22/24 MP: 3/3
   995 | D:2      | Noticed an ogre
  1010 | D:2      | Killed an ogre
  1010 | D:2      | Reached skill level 4 in Fighting
  1010 | D:2      | Reached XP level 4. HP: 18/30 MP: 4/4
  1010 | D:2      | Reached XP level 5. HP: 20/34 MP: 5/5
  1445 | D:2      | Found a faded altar of an unknown god.
  1764 | D:3      | Gained mutation: You tend to lose your temper in combat.
                  | [potion of mutation]
  1764 | D:3      | Gained mutation: Your flesh is heat resistant. (rF+)
                  | [potion of mutation]
  1774 | D:3      | Found a transporter.
  1775 | D:3      | Noticed Cidram's ghost (amateur DsCK)
  1998 | D:3      | Reached skill level 5 in Fighting
  1998 | D:3      | Reached XP level 6. HP: 33/40 MP: 6/6
  2078 | D:3      | Found a transporter.
  2413 | D:4      | Noticed Menkaure
  2501 | D:4      | Noticed Robin
  2528 | D:3      | HP: 2/40 [Menkaure (9)]
  2530 | D:3      | Killed Menkaure
  2832 | D:3      | Killed Robin
  2948 | D:4      | Reached XP level 7. HP: 44/44 MP: 7/7
  3188 | D:4      | Found a staircase to the Ecumenical Temple.
  3210 | Temple   | Entered the Ecumenical Temple
  3443 | Temple   | Became a worshipper of Warmaster Okawaru
  3563 | D:4      | Reached skill level 6 in Fighting
  3613 | D:4      | Reached skill level 5 in Maces & Flails
  3791 | D:4      | Lost mutation: Your flesh is heat resistant. (rF+) [potion
                  | of mutation]
  3791 | D:4      | Lost mutation: You tend to lose your temper in combat.
                  | [potion of mutation]
  3791 | D:4      | Gained mutation: Your magical capacity is low. (-10% MP)
                  | [potion of mutation]
  3791 | D:4      | Gained mutation: You have a somewhat thin skeletal
                  | structure. (Dex +2, Stealth) [potion of mutation]
  3791 | D:4      | Gained mutation: You are frail. (-10% HP) [potion of
                  | mutation]
  3791 | D:4      | Gained mutation: You have sharp toenails. [potion of
                  | mutation]
  3812 | D:4      | Reached skill level 5 in Shields
  4153 | D:5      | Entered Level 5 of the Dungeon
  4160 | D:5      | Reached skill level 5 in Armour
  4160 | D:5      | Reached XP level 8. HP: 36/46 MP: 7/7
  4332 | D:5      | Noticed Dowan
  4333 | D:5      | Noticed Duvessa
  4356 | D:5      | Killed Duvessa
  4368 | D:5      | Killed Dowan
  4368 | D:5      | Reached * piety under Okawaru
  4654 | D:5      | Reached skill level 7 in Fighting
  4818 | D:5      | Found Huat's Armour Shop.
  4821 | D:5      | Bought a +1 pair of gloves for 138 gold pieces
  5037 | D:5      | Found a snail-covered altar of Cheibriados.
  5037 | D:5      | Found a hide-covered altar of Uskayaw.
  5273 | D:6      | Found an iron altar of Okawaru.
  5704 | D:7      | Reached XP level 9. HP: 52/52 MP: 8/8
  5850 | D:7      | Reached ** piety under Okawaru
  5850 | D:7      | Reached skill level 8 in Fighting
  5860 | D:7      | Found Uniy's Antique Weapon Shoppe.
  5877 | D:7      | Bought a pitted flail for 212 gold pieces
  5877 | D:7      | Identified the +9 flail of Sunlight {holy, +Rage} (You
                  | bought it in a shop on level 7 of the Dungeon)
  5887 | D:7      | Noticed Harold
  5901 | D:7      | Killed Harold
  6046 | D:7      | Found Syremija's Armour Shoppe.
  6076 | D:7      | Found Catesieg's Antique Armour Boutique.
  6098 | D:7      | Found Foijay's Book Emporium.
  6185 | D:7      | Reached *** piety under Okawaru
  6696 | D:8      | Noticed an ice devil
  6707 | D:8      | Noticed an ice devil
  6712 | D:8      | Noticed an ice statue
  6712 | D:8      | Noticed an ice devil
  6712 | D:8      | Noticed an ice devil
  6727 | D:8      | Noticed an ice devil
  6729 | D:8      | Noticed an ice devil
  6734 | D:8      | Noticed an ice devil
  6735 | D:8      | Noticed an ice devil
  6794 | D:8      | Reached skill level 9 in Fighting
  7431 | D:9      | Reached XP level 10. HP: 40/59 MP: 9/9
  7434 | D:9      | Noticed a two-headed ogre
  7462 | D:9      | Killed a two-headed ogre
  7462 | D:9      | Reached **** piety under Okawaru
  7843 | D:9      | Found a staircase to the Lair.
  7921 | D:9      | Reached skill level 10 in Fighting
  8740 | D:10     | Entered Level 10 of the Dungeon
  8856 | D:10     | Killed an unseen horror
  9231 | D:10     | Reached ***** piety under Okawaru
  9285 | D:10     | Reached XP level 11. HP: 59/65 MP: 9/9
  9502 | D:10     | Reached skill level 11 in Fighting
  9562 | D:10     | Reached skill level 10 in Maces & Flails
  9573 | D:10     | Found a staircase to the Orcish Mines.
  9624 | D:10     | Received a gift from Okawaru
  9685 | D:10     | Got an ancient cloak {god gift}
  9691 | D:10     | Identified the +2 cloak "Ocsarch" {+Fly} (Okawaru gifted it
                  | to you on level 10 of the Dungeon)
  9947 | D:10     | Noticed a two-headed ogre
  9974 | D:10     | Killed a two-headed ogre
 10798 | Lair:1   | Entered Level 1 of the Lair of Beasts
 10817 | Lair:1   | Noticed Sonja
 10830 | Lair:1   | Reached skill level 12 in Fighting
 10833 | Lair:1   | Killed Sonja
 10873 | Lair:1   | Received a gift from Okawaru
 10904 | Lair:1   | Reached XP level 12. HP: 70/72 MP: 10/10
 11293 | Lair:1   | Noticed a four-headed hydra
 11300 | Lair:1   | Killed a four-headed hydra
 11300 | Lair:1   | Reached ****** piety under Okawaru
 11389 | Lair:1   | Noticed a five-headed hydra
 11408 | Lair:1   | Killed a five-headed hydra
 11707 | Lair:1   | Noticed a catoblepas
 11727 | Lair:1   | Found a runed translucent door.
 11851 | Lair:1   | Received a gift from Okawaru
 11886 | Lair:1   | Killed from afar by a lindwurm

Levels and vault maps discovered:
D:1:      ldierk_walled_garden_2, layout_loops_ring
D:2:      layout_basic, chequers_ecumenical_altar_grove, first_ration,
          minmay_misc_feat_hallway
D:3:      layout_loops_ring, gammafunk_ghost_stat_death
D:4:      layout_loops_ring, minmay_temple_entry_ruins, serial_bayou_pond_a,
          uniq_robin, uniq_menkaure
D:5:      layout_loops_ring, gammafunk_temple_overflow_elements, serial_shops,
          kennysheep_mini_moat, uniq_duvessa
D:6:      layout_basic, okawaru_ov_weapons_minmay
D:7:      layout_gridville, serial_shops, shop_coins, shop,
          nicolae_shop_window_shopping, nicolae_shop_stone, uniq_harold
D:8:      cheibrodos_frozen_isle, layout_gridville, minivault_4
D:9:      layout_stronghold, grunt_lair_entry_orc_guard_hut, the_bakery
D:10:     minmay_chambers_of_sixes, layout_basic,
          kennysheep_orc_monster_closet_entryway, special_room
          [special_room_bee], wad_woods_river_04, nicolae_two_hexagons,
          minmay_variable_closet, serial_park_tiny_pond, grunt_ministairs_12
Temple:   regret_index_temple_chain_breaker
Lair:1:   gammafunk_lair_enchanted_lake, layout_regular_city,
          beast_lair_carwin_1, uniq_sonja

Skill      XL: |  1  2  3  4  5  6  7  8  9 10 11 |
---------------+----------------------------------+-----
Fighting       | 4 5 6 7 9 10 12 | 12.8
Maces & Flails | 3 4 5 6 8 9 11 | 11.7
Shields        | 4 5 6 8 9 |  9.7
Armour         | 4 5 7 8 9 |  9.6

Action                   |  1- 3 |  4- 6 |  7- 9 | 10-12 || total
-------------------------+-------+-------+-------+-------++-------
Melee: Flail             |   104 |   223 |   203 |   516 ||  1046
       Whip              |       |       |   157 |       ||   157
 Abil: Evoke Flight      |       |       |       |     2 ||     2
  Use: Scroll            |     4 |     2 |     5 |     3 ||    14
       Potion            |     2 |     4 |     4 |     1 ||    11
  Eat: Chunk             |       |     7 |    29 |     6 ||    42
Armor: Scale mail        |    54 |    28 |       |       ||    82
       Chain mail        |       |   111 |   197 |       ||   308
       Ice dragon scales |       |       |    10 |   271 ||   281
Dodge: Dodged            |    36 |    59 |    85 |   114 ||   294
Block: Shield            |    61 |   125 |   199 |   398 ||   783
       Reflection        |       |       |       |     6 ||     6

Table legend:
 A = Non-vault XP
 B = Vault XP
 C = Vault XP percentage of total XP
 D = Non-vault monster count
 E = Vault monster count
 F = Vault count percentage of total count
                 A         B        C        D         E       F
            +---------+---------+-------+---------+---------+-------
      Total |    9159 |   15395 |  62.7 |     180 |     103 |  36.4
            +---------+---------+-------+---------+---------+-------
        D:1 |      23 |       0 |   0.0 |      16 |       0 |   0.0
        D:2 |     171 |       0 |   0.0 |      21 |       0 |   0.0
        D:3 |     190 |     204 |  51.8 |      31 |      12 |  27.9
        D:4 |     540 |       2 |   0.4 |      17 |       1 |   5.6
        D:5 |     666 |     223 |  25.1 |      20 |       2 |   9.1
        D:6 |      75 |       0 |   0.0 |       4 |       0 |   0.0
        D:7 |    1037 |     912 |  46.8 |      15 |       1 |   6.2
        D:8 |     448 |    3282 |  88.0 |       4 |      13 |  76.5
        D:9 |    1647 |    1076 |  39.5 |      17 |       7 |  29.2
       D:10 |    1584 |    4789 |  75.1 |      21 |      52 |  71.2
     Lair:1 |    2778 |    4907 |  63.9 |      14 |      15 |  51.7
            +---------+---------+-------+---------+---------+-------
